 Dungeon Sprint DCSS version 0.28-a0-313-gbc0475efdd (webtiles) character file.

Game seed: 3205202420094826618

2453 Ankalagon the Severer (level 9, -9/91 HPs)
             Began as a Hill Orc Gladiator on Aug 31, 2021.
             Was a Believer of Yredelemnul.
             Killed from afar by a death drake (10 damage)
             ... with a foul vapour
             ... in the Dungeon (Sprint II: "The Violet Keep of Menkaure").
             The game lasted 00:05:28 (1025 turns).

Ankalagon the Severer (Hill Orc Gladiator)          Turns: 1025, Time: 00:05:28

Health: -9/91      AC:  8    Str: 18    XL:     9   Next: 50%
Magic:  9/9        EV: 16    Int:  5    God:    Yredelemnul [**....]
Gold:   161        SH:  0    Dex: 14    Spells: 8/8 levels left

rFire   . . .      SeeInvis .   k - +7 battleaxe of the Rat {vorpal, Will+ Int-4 Stlth+}
rCold   . . .      Faith    .   (shield currently unavailable)
rNeg    . . .      Spirit   .   b - +0 leather armour
rPois   .          Reflect  .   m - +0 helmet {Int+3}
rElec   .          Harm     .   (no cloak)
rCorr   .          Rampage  .   (no gloves)
Will    +....      NoTele   +   (no boots)
Stlth   ++........              (no amulet)
HPRegen 0.25/turn               l - +4 ring of protection
MPRegen 0.11/turn               (no ring)

@: lethally poisoned (-9 -> -33), slowed, very slow
A: dopey 1
a: Renounce Religion, Animate Remains, Recall Undead Slaves, Injury Mirror


You were in the Dungeon.
You worshipped Yredelemnul.
Yredelemnul was pleased with you.
You visited 1 branch You collected 1053 gold pieces.
You spent 892 gold pieces at shops.

Inventory:

Hand Weapons
 a - a +0 war axe
 i - a +0 broad axe
 k - the +7 battleaxe of the Rat (weapon) {vorpal, Will+ Int-4 Stlth+}
   (You bought it in a shop in the Dungeon)

   It inflicts extra damage upon your enemies.
   Int:       It affects your intelligence (-4).
   Will:      It increases your willpower.
   Stlth:     It makes you more stealthy.
Missiles
 d - 3 throwing nets (quivered)
Armour
 b - a +0 leather armour (worn)
 c - a +0 helmet
 m - a +0 helmet of intelligence (worn)
Jewellery
 l - a +4 ring of protection (left hand)
Scrolls
 j - a scroll of blinking
Potions
 h - 2 potions of magic


   Skills:
 + Level 12.3 Fighting
 + Level 18.7 Axes
 - Level 1.7 Throwing
 + Level 9.2 Dodging


You had 8 spell levels left.
You didn't know any spells.
Your spell library was empty.

Dungeon Overview and Level Annotations

Branches:
Dungeon (1/1)

Altars:
Cheibriados
Dithmenos
Elyvilon
Fedhas
Gozag
Hepliaklqana
Kikubaaqudgha
Makhleb
Nemelex Xobeh
Okawaru
Qazlal
Ru
Sif Muna
Trog
Uskayaw
Vehumet
Wu Jian
Xom
Yredelemnul
Zin
The Shining One
Beogh
Jiyva
Lugonu

Shops:
D [!:=:[*?=([?(*!

Annotations:
D exclusion: oklob plant


Innate Abilities, Weirdness & Mutations

You are dopey. (Int -2)


Message History

The noxious blast engulfs your polar bear zombie but does no damage.
Your polar bear zombie bites the death drake but does no damage.
Your polar bear zombie closely misses the death drake.
Your polar bear zombie claws the death drake.
The death drake bites you.
* * * LOW HITPOINT WARNING * * *
Are you sure you want to stumble around while confused and next to your polar bear zombie?
You are engulfed in noxious fumes.
You choke on the stench!
You are more confused.
* * * LOW HITPOINT WARNING * * *
x2 You feel extremely sick.
The swamp drake bites your polar bear zombie.
The death drake bites your polar bear zombie.
Your polar bear zombie bites the death drake.
Your polar bear zombie closely misses the death drake. x2
Your polar bear zombie bites the swamp drake!
Your polar bear zombie closely misses the swamp drake. x2
The swamp drake barely misses your polar bear zombie.
The death drake barely misses your polar bear zombie.
Are you sure you want to stumble around while confused and next to your polar bear zombie?
You feel less confused.
* * * LOW HITPOINT WARNING * * *
You feel very sick.
Your polar bear zombie closely misses the death drake. x2
Your polar bear zombie barely misses the death drake.
The death drake bites your polar bear zombie!
The swamp drake bites your polar bear zombie.
Your polar bear zombie barely misses the swamp drake. x3
The death drake barely misses your polar bear zombie.
Your polar bear zombie misses the death drake.
Your polar bear zombie closely misses the death drake.
Your polar bear zombie claws the death drake.
* * * LOW HITPOINT WARNING * * *
You feel very sick. Something bites your polar bear zombie!
The death drake breathes miasma at you. The foul vapour engulfs you!
You are more poisoned.
You die...
Your body rises from the dead as a mindless zombie.

.. .. .# #+# .. #. 9#
#.###.#### +^##k# .#..#
...# #..Z#### .#.####..##
#k.##.# $?$ #'###.##..#
+☼Z#..#▓$)")( #.##.#.#..#
#.☼#.Z#▓)!(!!
.<.'##.'..####.○##.#▓$[[?)
#.###..#.§..###^@.##▓▓▓▓▓▓
#'###.##.§....≈≈)≈≈≈≈≈≈≈≈≈
.#.####≈≈.....§#'########+
.#..#≈≈≈≈§§§§.§#.÷_.....#≈
...##≈≈≈≈≈§§≈.≈#._._....#§
#+##≈≈≈≈≈≈§§≈≈≈#_._._...#§
≈≈≈≈≈≈≈≈§≈≈≈≈≈≈#._._._..#§
+#+++#≈≈≈≈§§§≈≈#_._._._.#§
≈S○° ##§§≈###≈≈#._._._._#≈


You could see a death drake (catching breath, ally target) and 2 friendly polar
bear zombies.

Vanquished Creatures
  A death drake (D)
  A yaktaur (D)
  3 polar bears (D)
  A hornet (D)
  2 neqoxecs (D)
  4 necrophages (D)
  4 scorpions (D)
  3 worms (D)
19 creatures vanquished.

Vanquished Creatures (others)
  2 neqoxecs (D)
  Menkaure (D)
  2 water moccasins (D)
5 creatures vanquished.

Grand Total: 24 creatures vanquished

Notes
Turn   | Place    | Note
-------+----------+-------------------------------------------
     0 | D        | Ankalagon the Hill Orc Gladiator began the quest for the
                  | Orb.
     0 | D        | Reached XP level 1. HP: 18/18 MP: 1/1
     1 | D        | Noticed a scorpion
     1 | D        | Noticed a scorpion
     1 | D        | Noticed a scorpion
     1 | D        | Noticed a scorpion
     8 | D        | Killed a scorpion
     9 | D        | Reached skill level 10 in Axes
     9 | D        | Reached XP level 2. HP: 22/25 MP: 2/2
     9 | D        | Reached XP level 3. HP: 27/30 MP: 3/3
     9 | D        | Reached XP level 4. HP: 34/37 MP: 4/4
     9 | D        | Killed a water moccasin
    10 | D        | Killed a scorpion
    11 | D        | Reached skill level 12 in Axes
    11 | D        | Reached XP level 5. HP: 27/42 MP: 5/5
    19 | D        | Reached skill level 13 in Axes
    24 | D        | Reached skill level 15 in Axes
    24 | D        | Reached XP level 6. HP: 12/50 MP: 6/6
   154 | D        | Killed Menkaure
   277 | D        | Noticed a neqoxec
   288 | D        | Killed a neqoxec
   289 | D        | Reached skill level 5 in Fighting
   301 | D        | Noticed a neqoxec
   308 | D        | Noticed a neqoxec
   325 | D        | Killed a neqoxec
   334 | D        | Killed a neqoxec
   350 | D        | Gained mutation: You are dopey. (Int -2) [a neqoxec]
   352 | D        | Killed a neqoxec
   353 | D        | Reached skill level 16 in Axes
   353 | D        | Reached skill level 5 in Dodging
   353 | D        | Reached XP level 7. HP: 37/64 MP: 7/7
   497 | D        | Found a stormy altar of Qazlal.
   497 | D        | Found an ornate altar of the Wu Jian Council.
   517 | D        | Found Poleh's Distillery.
   518 | D        | Found Womp's Antique Weapon Boutique.
   518 | D        | Found Qyqab's Assorted Antiques.
   519 | D        | Found Feonipy's Antique Armour Shop.
   519 | D        | Found Qazib's Magic Scroll Shop.
   520 | D        | Found Umatz's Jewellery Boutique.
   520 | D        | Found Xokliloz's Weapon Boutique.
   521 | D        | Found Gaacziyc's Magic Scroll Shop.
   522 | D        | Found Migriq's Assorted Antiques.
   522 | D        | Found Ulir's Antique Armour Boutique.
   522 | D        | Noticed a wyvern
   525 | D        | Noticed a slime creature
   525 | D        | Found Zacidgh's Book Shop.
   525 | D        | Found Zax Imni's Jewellery Boutique.
   525 | D        | Noticed a wyvern
   525 | D        | Noticed an oklob plant
   525 | D        | Noticed a wyvern
   526 | D        | Found Qotzarae's Distillery.
   526 | D        | Found Cosmouf's Armour Boutique.
   526 | D        | Found Zoquh's Book Shoppe.
   527 | D        | Noticed a slime creature
   533 | D        | Bought a +0 broad axe for 48 gold pieces
   537 | D        | Bought a twisted battleaxe for 333 gold pieces
   537 | D        | Identified the +7 battleaxe of the Rat {vorpal, Will+ Int-4
                  | Stlth+} (You bought it in a shop in the Dungeon)
   539 | D        | Noticed an ice dragon
   539 | D        | Noticed a slime creature
   602 | D        | Reached XP level 8. HP: 70/77 MP: 8/8
   641 | D        | Bought a +4 ring of protection for 396 gold pieces
   648 | D        | Bought a +0 helmet of intelligence for 115 gold pieces
   682 | D        | Found a hazy altar of Hepliaklqana.
   682 | D        | Found a sacrificial altar of Ru.
   683 | D        | Found a roughly hewn altar of Beogh.
   683 | D        | Found a viscous altar of Jiyva.
   683 | D        | Found a shimmering blue altar of Sif Muna.
   684 | D        | Found a snail-covered altar of Cheibriados.
   684 | D        | Found an ancient bone altar of Kikubaaqudgha.
   684 | D        | Found a shimmering altar of Xom.
   684 | D        | Found a bloodstained altar of Trog.
   685 | D        | Found a shadowy altar of Dithmenos.
   685 | D        | Found a corrupted altar of Lugonu.
   686 | D        | Found a white marble altar of Elyvilon.
   686 | D        | Found a burning altar of Makhleb.
   687 | D        | Found a blossoming altar of Fedhas.
   689 | D        | Found an opulent altar of Gozag.
   689 | D        | Found a glowing golden altar of the Shining One.
   689 | D        | Found a basalt altar of Yredelemnul.
   689 | D        | Found a hide-covered altar of Uskayaw.
   689 | D        | Found a sparkling altar of Nemelex Xobeh.
   689 | D        | Noticed a hornet
   689 | D        | Noticed a polar bear
   689 | D        | Noticed a polar bear
   690 | D        | Found a glowing silver altar of Zin.
   690 | D        | Found a radiant altar of Vehumet.
   690 | D        | Found an iron altar of Okawaru.
   690 | D        | Noticed a yaktaur
   690 | D        | Noticed a polar bear
   698 | D        | Became a worshipper of Yredelemnul the Dark
   710 | D        | Killed a polar bear
   711 | D        | Reached skill level 17 in Axes
   720 | D        | Killed a hornet
   721 | D        | Reached skill level 10 in Fighting
   724 | D        | Killed a polar bear
   724 | D        | Reached * piety under Yredelemnul
   731 | D        | HP: 3/81 [polar bear (12)]
   738 | D        | Killed a polar bear
   739 | D        | Reached skill level 18 in Axes
   739 | D        | Reached XP level 9. HP: 27/89 MP: 9/9
   750 | D        | Killed a yaktaur
  1009 | D        | Noticed a death drake
  1011 | D        | Noticed a death drake
  1021 | D        | Killed a death drake
  1021 | D        | Reached ** piety under Yredelemnul
  1021 | D        | Noticed a crystal guardian
  1025 | D        | HP: 1/91 [poisoned by a death drake (foul vapour)]
  1025 | D        | Killed from afar by a death drake

Illustrated notes

Levels and vault maps discovered:
D:        the_violet_keep_of_menkaure [sprint2_stairs_cluster_1,
          sprint2_shoproom, sprint2_temple, sprint2_basic_supplies,
          sprint2_obstacle_5, sprint2_obstacle_4, sprint2_obstacle_2,
          sprint2_obstacle_7, sprint2_obstacle_1, sprint2_timed_cluster_1,
          sprint2_smallroom_cluster_1, sprint2_smallroom_final_cluster_1,
          sprint2_transparent_cluster_1, sprint2_second_timed_cluster_1,
          sprint2_sniper_area_1, sprint2_heavy_combat_area_1,
          sprint2_mutation_trap_area_1, sprint2_forest_area_1,
          sprint2_light_combat_area_1, sprint2_behind_water_1,
          sprint2_near_end_vault_1]

Skill      XL: |  1  2  3  4  5  6  7  8  9 |
---------------+----------------------------+-----
Axes           | 10 12 15 16 18 | 18.7
Fighting       | 6 8 11 12 | 12.3
Dodging        | 5 6 8 9 |  9.2
Throwing       | |  1.7

Action                   |  1- 3 |  4- 6 |  7- 9 || total
-------------------------+-------+-------+-------++-------
Melee: War axe           |     5 |    31 |       ||    36
       Battleaxe         |       |       |    57 ||    57
Invok: Animate Remains   |       |       |     2 ||     2
  Use: Potion            |     1 |       |     3 ||     4
 Stab: Sleeping          |       |       |     2 ||     2
Armor: Leather armour    |     1 |     1 |    15 ||    17
Dodge: Dodged            |     2 |     7 |    38 ||    47

Table legend: (Time is in decaauts)
 A = Elapsed time spent in this place.
 B = Non-inter-level travel time spent in this place.
 C = Inter-level travel time spent in this place.
 D = Time resting spent in this place.
 E = Time spent auto-exploring this place.
 F = Levels seen in this place.
 G = Mean time per level.
                   A        B        C        D        E       F      G
               +--------+--------+--------+--------+--------+-----+--------+
         Total |   1025 |   1025 |      0 |    643 |      0 |   1 | 1025.0 |
       Dungeon |   1025 |   1025 |      0 |    643 |      0 |   1 | 1025.0 |
               +--------+--------+--------+--------+--------+-----+--------+

Top non-repeatable levels by time:
       D: 1025 daAuts
